 Dungeon Crawl Stone Soup version 0.30-a0-1085-g990a428a5c (webtiles) character file.

Game seed: 9993838962181454987

81 fortdeath9 the Ruffian (level 4, -3/44 HPs)
             Began as a Troll Berserker on Apr 16, 2023.
             Was a Believer of Trog.
             Slain by an orc priest
             ... wielding a +0 short sword
              (5 damage)
             ... on level 3 of the Dungeon.
             The game lasted 00:07:51 (1191 turns).

fortdeath9 the Ruffian (Troll Berserker)            Turns: 1191, Time: 00:07:52

Health: -3/44      AC:  4    Str: 27    XL:     4   Next: 19%
Magic:  3/3        EV: 10    Int:  3    God:    Trog [**....]
Gold:   124        SH:  0    Dex:  9    Spells: 3/3 levels left

rFire   . . .      SeeInvis .      - Unarmed
rCold   . . .      Faith    .    (no shield)
rNeg    . . .      Spirit   .    a - +0 animal skin
rPois   .          Reflect  .    (helmet restricted)
rElec   .          Rampage  .    (no cloak)
rCorr   .                        (gloves unavailable)
Will    .....                    (boots unavailable)
Stlth   +                        (no amulet)
HPRegen 1.07/turn                (no ring)
MPRegen 0.08/turn                (no ring)

@: on berserk cooldown, slowed, very slow
A: large, unfitting armour, claws 3, regeneration 1, shaggy fur 1, tough skin 1
a: Renounce Religion, Berserk, Trog's Hand


You were on level 3 of the Dungeon.
You worshipped Trog.
Trog was pleased with you.
You visited 1 branch of the dungeon, and saw 3 of its levels.

You collected 124 gold pieces.

Inventory:

Armour
 a - a +0 animal skin (worn)
Scrolls
 f - a scroll of poison {unknown}
 i - a scroll of silence {unknown}
Potions
 b - 2 potions of curing {unknown}
 c - a potion of flight {unknown}
 d - 2 potions of resistance
 g - 2 potions of heal wounds
 h - a potion of degeneration {unknown}
 j - a potion of cancellation {unknown}


   Skills:
 + Level 2.9 Fighting
 + Level 2.8 Dodging
 + Level 0.1 Stealth
 + Level 4.2 Unarmed Combat


You had 3 spell levels left.
You didn't know any spells.
Your spell library was empty.

Dungeon Overview and Level Annotations

Branches:
Dungeon (3/15)

Altars:

Shops:
D:2 *


Innate Abilities, Weirdness & Mutations

You are too large for most types of armour.
You have claws for hands.
Your natural rate of healing is unusually fast.
You are covered in fur. (AC +1)
You have tough skin. (AC +1)


Message History

The orc priest's wounds heal themselves!
You hear some strange, mumbled words.
You are confused.
You're too confused to move!
You feel a strong urge to attack something.
You barely miss the orc priest. Something hits you.
The orc priest barely misses you.
You closely miss the orc priest. Something hits you.
You are no longer berserk.
You are exhausted.
You feel yourself slow down.
Items here: ! $ ( ) †.
You closely miss the orc priest.
The orc priest looks satisfied for a moment.
The orc priest calls down the wrath of Beogh upon you.
Pain shoots through your body!
You closely miss the orc priest.
You feel less confused. Something hits you but does no damage.
The orc priest invokes the aid of Beogh against you.
Pain shoots through your body!
The orc priest hits you with a +0 short sword.
You scratch the orc priest. You claw the orc priest.
The orc priest is moderately wounded.
You hear some strange, mumbled words.
A magic dart appears from out of thin air!
The magic dart hits you!
* * * LOW HITPOINT WARNING * * *
The orc priest barely misses you. The orc priest closely misses you.
You claw the orc priest!
You kill the orc priest!
Trog accepts your kill. Something hits you.
* * * LOW HITPOINT WARNING * * *
The orc priest hits you with a +0 short sword.
* * * LOW HITPOINT WARNING * * *
Something hits you.
* * * LOW HITPOINT WARNING * * *
The orc priest hits you with a +0 short sword.
You die...

.# ...# ######### . ..##
##........ ..
####..#####.......## ...
#.................# ....
#................(##
.....#...............†...
#....){...........)....
#...).@o...........)...
#....######..#.........
....... ##..#####....
....... ##.#######<.
....... #.##.......
....... #.##.######
......# #.##.#### ......
#.#.....# #.'.....#


You could see an orc priest.

Vanquished Creatures
  An orc priest (D:3)
  2 adders (D:2)
  2 dart slugs
  3 orcs (D:3)
  4 endoplasms
  3 giant cockroaches (D:1)
  2 goblins
  6 hobgoblins
  3 jackals (D:2)
  9 kobolds
  4 quokkas
  2 ball pythons
  2 bats (D:1)
  5 frilled lizards
  4 rats
52 creatures vanquished.

Notes
Turn   | Place    | Note
-------+----------+-------------------------------------------
     0 | D:1      | fortdeath9 the Troll Berserker began the quest for the Orb.
     0 | D:1      | Reached XP level 1. HP: 22/22 MP: 0/0
   123 | D:1      | Reached XP level 2. HP: 29/29 MP: 1/1
   444 | D:1      | You fall into a shaft and drop 1 floor!
   546 | D:2      | Reached ** piety under Trog
   550 | D:2      | Found Feeg's General Store.
   642 | D:2      | Reached XP level 3. HP: 36/36 MP: 2/2
   916 | D:2      | Reached skill level 4 in Unarmed Combat
  1058 | D:3      | Reached XP level 4. HP: 41/44 MP: 3/3
  1191 | D:3      | HP: 2/44 [something (3)]
  1191 | D:3      | Slain by an orc priest

Illustrated notes

Levels and vault maps discovered:
D:1:      dpeg_arrival_pits, layout_basic, minmay_parallelograms,
          serial_park_tiny_2, nicolae_grassy_gnolls
D:2:      layout_basic, serial_shops, nicolae_shop_hallway_stairs
D:3:      layout_basic

Skill      XL: |  1  2  3 |
---------------+----------+-----
Unarmed Combat | 4 |  4.2
Fighting       | |  2.9
Dodging        | |  2.8
Stealth        | |  0.1

Action                     |  1- 3 |  4- 6 || total
---------------------------+-------+-------++-------
  Melee: Unarmed           |   113 |    28 ||   141
         Punch             |     3 |     2 ||     5
 Invoke: Berserk           |       |     1 ||     1
    Use: Scroll            |     2 |       ||     2
   Stab: Sleeping          |     1 |       ||     1
 Armour: Animal skin       |    28 |     2 ||    30
  Dodge: Dodged            |    40 |     6 ||    46

Table legend: (Time is in decaauts)
 A = Elapsed time spent in this place.
 B = Non-inter-level travel time spent in this place.
 C = Inter-level travel time spent in this place.
 D = Time resting spent in this place.
 E = Time spent auto-exploring this place.
 F = Levels seen in this place.
 G = Mean time per level.
                   A        B        C        D        E       F      G
               +--------+--------+--------+--------+--------+-----+--------+
         Total |   1179 |   1165 |     14 |      0 |    631 |   3 |  393.0 |
       Dungeon |   1179 |   1165 |     14 |      0 |    631 |   3 |  393.0 |
               +--------+--------+--------+--------+--------+-----+--------+

Top non-repeatable levels by time:
     D:2: 595 daAuts
     D:1: 440 daAuts
     D:3: 142 daAuts
